 Dungeon Sprint DCSS version 0.17-a0-945-g601bd79 (webtiles) character file.

501 ahoge the Basher (level 7, -8/44 HPs)
             Began as a Gargoyle Fighter on May 6, 2015.
             Was a Follower of Okawaru.
             Hit by a large rock thrown by a cyclops (22 damage)
             ... in the Dungeon (Sprint IX: "|||||||||||||||||||||||||||||").
             The game lasted 00:04:10 (222 turns).

ahoge the Basher (Gargoyle Fighter)                  Turns: 222, Time: 00:04:10

Health: -8/44      AC: 21    Str: 22    XL:     7   Next: 17%
Magic:  7/7        EV:  7    Int:  9    God:    Okawaru [*.....]
Gold:   0          SH:  0    Dex: 11    Spells: 0 memorised, 6 levels left

rFire  . . .     SeeInvis .     q - +2 dire flail (drain)
rCold  . . .     Clarity  .     t - +0 plate armour
rNeg   + . .     SustAb   .     (no shield)
rPois  ∞         Gourm    .     (no helmet)
rElec  +         Spirit   .     s - +0 cloak
rCorr  .         Warding  .     r - +0 pair of gloves
rMut   .         NoTele   +     (no boots)
MR     .....                    (no amulet)
Stlth  ..........               v - +2 ring of protection
                                u - +3 ring of strength

@: not resistant to hostile enchantments, extremely unstealthy
A: negative energy resistance 1, electricity resistance, unbreathing,
petrification resistance, rot immunity, AC +4
a: Heroism, Renounce Religion


You were in the Dungeon.
You worshipped Okawaru.
Okawaru was aware of your devotion.
You were not hungry.

You visited 1 branch

Inventory:

Hand weapons
 a - a +0 flail
 q - a +2 dire flail of draining (weapon)
Armour
 b - a +0 scale mail
 c - a +0 shield
 r - a +0 pair of gloves (worn)
 s - a +0 cloak (worn)
 t - a +0 plate armour (worn)
Jewellery
 u - a +3 ring of strength (left hand)
 v - a +2 ring of protection (right hand)
Magical devices
 p - a wand of draining (7)
Scrolls
 k - 2 scrolls of blinking
 n - 3 scrolls of remove curse
 o - 2 scrolls of amnesia
Potions
 d - a potion of might
 f - 5 potions of curing
 g - 3 potions of heal wounds
 h - a potion of haste
 i - 4 potions of magic
 j - a potion of berserk rage
 m - a potion of invisibility
Comestibles
 e - a bread ration
 l - 14 chunks of flesh


   Skills:
 + Level 4.7 Fighting
 + Level 13.1 Maces & Flails
 + Level 4.7 Armour
 * Level 3.5 Dodging
 - Level 3.2 Shields


You had 6 spell levels left.
You didn't know any spells.

Dungeon Overview and Level Annotations

Branches:
Dungeon (1/1)

Altars:
Cheibriados
Dithmenos
Elyvilon
Fedhas
Gozag
Kikubaaqudgha
Makhleb
Nemelex Xobeh
Okawaru
Qazlal
Ru
Sif Muna
Trog
Vehumet
Xom
Yredelemnul
Zin
The Shining One
Beogh
Jiyva
Lugonu


Innate Abilities, Weirdness & Mutations

You are resistant to torment.
Your stone body is resilient (AC +4).
You are immune to poison.
You resist negative energy.
You are resistant to electric shocks.
You can survive without breathing.
You are immune to petrification.
You are immune to rotting.


Message History

The tengu conjurer closely misses you.
The tengu conjurer claws you but does no damage.
You puncture the tengu conjurer!
The tengu conjurer is severely wounded.
You barely miss the tengu conjurer.
The tengu conjurer is severely wounded.
The tengu conjurer casts a spell at you.
The bolt of lightning hits you! You resist.
* * * LOW HITPOINT WARNING * * *
You closely miss the tengu conjurer.
The tengu conjurer is severely wounded.
The tengu conjurer casts a spell.
The tengu conjurer blinks!
You swing at nothing.
You swing at nothing.
The tengu conjurer gestures wildly while chanting.
The tengu conjurer blinks!
The cyclops throws a large rock.
The large rock hits you!!
Ouch! That really hurt!
You die...

▓)▓
▓(▓
▓)▓
▓.▓
▓.▓
▓.▓
▓.▓
▓.▓
▓@▓
▓§▓
▓C▓
▓Z▓
▓y▓
▓*▓
▓.▓
▓Q▓


You could see a cyclops, a tengu conjurer, a killer bee and an adder zombie.

Vanquished Creatures
  A deep elf mage (D)
  A hog (shapeshifter) (D)
  A wasp (D)
  A killer bee (D)
  A crimson imp (D)
  A hound (D)
  A bat (D)
  A goblin (D)
  3 hobgoblins (D)
  A kobold (D)
  2 quokkas (D)
  A ball python zombie (D)
  A giant gecko skeleton (D)
  A giant newt (D)
  A rat (D)
18 creatures vanquished.

Notes
Turn   | Place    | Note
--------------------------------------------------------------
     0 | D        | ahoge, the Gargoyle Fighter, began the quest for the Orb.
     0 | D        | Reached XP level 1. HP: 14/14 MP: 1/1
    14 | D        | Reached skill level 4 in Maces & Flails
    16 | D        | Reached XP level 2. HP: 17/19 MP: 2/2
    43 | D        | Noticed a hound
    57 | D        | Killed a hound
    57 | D        | Reached skill level 6 in Maces & Flails
    57 | D        | Reached XP level 3. HP: 23/23 MP: 3/3
    69 | D        | Found a glowing silver altar of Zin.
    69 | D        | Found a glowing golden altar of the Shining One.
    69 | D        | Found an ancient bone altar of Kikubaaqudgha.
    69 | D        | Found a basalt altar of Yredelemnul.
    69 | D        | Found a shimmering altar of Xom.
    69 | D        | Found a radiant altar of Vehumet.
    70 | D        | Found an iron altar of Okawaru.
    71 | D        | Found a burning altar of Makhleb.
    72 | D        | Found a deep blue altar of Sif Muna.
    73 | D        | Found a bloodstained altar of Trog.
    74 | D        | Found a sparkling altar of Nemelex Xobeh.
    75 | D        | Found a white marble altar of Elyvilon.
    76 | D        | Found a roughly hewn altar of Beogh.
    77 | D        | Found a viscous altar of Jiyva.
    78 | D        | Became a worshipper of Warmaster Okawaru
    79 | D        | Found a corrupted altar of Lugonu.
    80 | D        | Found a blossoming altar of Fedhas.
    81 | D        | Found a snail-covered altar of Cheibriados.
    82 | D        | Found a shadowy altar of Dithmenos.
    83 | D        | Found a stormy altar of Qazlal.
    84 | D        | Found an opulent altar of Gozag.
    85 | D        | Found a sacrificial altar of Ru.
   141 | D        | Noticed a crimson imp
   141 | D        | Noticed a deep elf mage
   141 | D        | Noticed a wasp
   153 | D        | Killed a crimson imp
   153 | D        | Reached skill level 8 in Maces & Flails
   153 | D        | Reached XP level 4. HP: 25/28 MP: 4/4
   165 | D        | Killed a deep elf mage
   165 | D        | Reached skill level 11 in Maces & Flails
   165 | D        | Reached XP level 5. HP: 26/32 MP: 5/5
   181 | D        | Killed a wasp
   181 | D        | Acquired Okawaru's first power
   181 | D        | Reached skill level 12 in Maces & Flails
   181 | D        | Reached XP level 6. HP: 21/37 MP: 6/6
   195 | D        | Noticed a killer bee
   195 | D        | Noticed a hog
   195 | D        | Noticed a cyclops
   195 | D        | Noticed a killer bee
   195 | D        | Noticed a tengu conjurer
   204 | D        | Killed a killer bee
   204 | D        | Reached skill level 1 in Dodging
   208 | D        | Killed a hog
   208 | D        | Reached skill level 13 in Maces & Flails
   208 | D        | Reached XP level 7. HP: 25/44 MP: 7/7
   222 | D        | Hit by a large rock thrown by a cyclops

Action                   |  1- 3 |  4- 6 |  7- 9 || total
-------------------------+-------+-------+-------++-------
Melee: Flail             |    26 |       |       ||    26
       Dire flail        |    12 |    41 |    12 ||    65
